 Dungeon Crawl Stone Soup version 0.9.0-27-g8a39726 character file.

194 Stooge the Insei (level 4, 0/38 HPs)
             Began as a Naga Transmuter on Feb 22, 2012.
             Slain by an ogre
             ... wielding a +0,+0 giant club
              (20 damage)
             ... on Level 2 of the Dungeon.
             The game lasted 00:11:28 (3083 turns).

Stooge the Insei (Naga Transmuter)                  Turns: 3083, Time: 00:11:28

HP   0/38        AC  2     Str 12      XL: 4   Next: 61%
MP   4/7         EV 10     Int 13      God:
Gold 101         SH  0     Dex 13      Spells:  3 memorised,  3 levels left

Res.Fire  : . . .   See Invis. : +     - Unarmed
Res.Cold  : . . .   Warding    : . . c - +0 robe
Life Prot.: . . .   Conserve   : .   (no shield)
Res.Acid. : . . .   Res.Corr.  : .   (no helmet)
Res.Poison: +       Clarity    : .   (no cloak)
Res.Elec. : .       Spirit.Shd : .   (no gloves)
Sust.Abil.: . .     Stasis     : .   (no barding)
Res.Mut.  : .       Ctrl.Telep.: .   (no amulet)
Res.Rott. : .       Levitation : .   (no ring)
Saprovore : . . .   Ctrl.Flight: .   (no ring)

@: very slow, slightly resistant to hostile enchantments, unstealthy
A: spit poison, see invisible, deformed body 1, poison resistance, slowness 2
a: Spit Poison


You were on level 2 of the Dungeon.
You were very hungry.

You visited 1 branch of the dungeon, and saw 2 of its levels.

You collected 81 gold pieces.

Inventory:

Hand weapons
 m - a +1,+1 elven short sword
Missiles
 b - 12 +0 arrows
 j - 27 poisoned +0 needles
 n - 4 steel +0 darts (quivered)
 p - a +0 dart
 s - 4 +3 darts
 u - 18 +3 bolts
Armour
 c - a +0 robe (worn)
 h - a +0 leather armour
 i - a +0 helmet
Comestibles
 a - 2 bread rations
 x - a pear
Scrolls
 o - 2 scrolls of remove curse {unknown}
 q - a scroll of fog {unknown}
 w - a scroll of curse armour {unknown}
 y - a scroll of fear {unknown}
Potions
 e - 10 potions of confusion
 f - 8 potions of poison
 g - 4 potions of healing {unknown}
 k - a potion of paralysis {unknown}
 l - a potion of resistance {unknown}
 r - a potion of heal wounds {unknown}
 t - 2 potions of invisibility {unknown}
 v - 2 potions of water
Books
 d - a book of Changes

   Spells                             Type                      Level
   *Fulsome Distillation              Transmutation/Necromancy     1
   Sticks to Snakes                   Transmutation                2
   *Evaporate                         Fire/Transmutation           2
   *Spider Form                       Transmutation/Poison         3
   Ice Form                           Ice/Transmutation            4
   Blade Hands                        Transmutation                5


   Skills:
 + Level 1 Fighting
 + Level 2 Dodging
 + Level 1 Stealth
 + Level 3 Unarmed Combat
 + Level 3 Spellcasting
 + Level 1 Necromancy
 + Level 2 Transmutations


You had 3 spell levels left.
You knew the following spells:

 Your Spells              Type           Power        Success   Level  Hunger
a - Fulsome Distillation Trmt/Necr N/A            Very         Good        1    Sultana
b - Evaporate             Fire/Trmt      #.........   Good        2    Choko
c - Spider Form           Pois/Trmt      #.........   Poor        3    Honeycomb

Dungeon Overview and Level Annotations

Branches:
Dungeon (2/27)

Altars:


Innate Abilities, Weirdness & Mutations

You cannot wear boots.
You can spit poison.
Your serpentine skin is tough (AC +1).
You have supernaturally acute eyesight.
Armour fits poorly on your unusually shaped body.
Your system is resistant to poisons.
You cover ground very slowly.


Message History

Where do you want to aim your 11 potions of confusion?
Aiming: Evaporate
Press: ? - help, Shift-Dir - straight line, f/p - ogre
Aim: An ogre, wielding a giant club The potion explodes!
The cloud engulfs the ogre.
The ogre is engulfed in noxious fumes.
The ogre is engulfed in noxious fumes.
The ogre appears confused.
You hit the helpless ogre.
The ogre is lightly wounded.
You hit the helpless ogre. You headbutt the helpless ogre.
The ogre is moderately wounded.
You hit the helpless ogre. You punch the ogre, but do no damage.
The ogre is moderately wounded.
You hit the helpless ogre.
The ogre is moderately wounded.
You hit the helpless ogre. Your headbutt misses the ogre.
The ogre is heavily wounded.
The ogre seems less confused.
The ogre hits you with a giant club!
Ouch! That really hurt!
You die...

#.# ##### #.#
#### #.# #... #.#
#... #######.#
#... ......#.#
#... ##......#
####
#......######
#......@(...####
........O.....#..
..............#..
..............#..
####........##..
########..... ##
#..... .# #.....
.# #.....


You could see an ogre.

Vanquished Creatures
  Terence (D:2)
  2 snakes (D:2)
  2 giant mites (D:2)
  2 giant geckos
  An ooze (D:2)
  2 giant cockroaches
  10 goblins
  8 hobgoblins
  A small snake (D:1)
  7 bats
  4 giant newts
  7 kobolds
  A rat (D:2)
48 creatures vanquished.

Vanquished Creatures (others)
  A giant newt (D:1)
  2 goblins
  A kobold (D:1)
  A rat (D:1)
5 creatures vanquished.

Grand Total: 53 creatures vanquished

Notes
Turn   | Place    | Note
--------------------------------------------------------------
     0 | D:1      | Stooge, the Naga Transmuter, began the quest for the Orb.
     0 | D:1      | Reached XP level 1. HP: 18/18 MP: 1/1
     5 | D:1      | Learned a level 1 spell: Fulsome Distillation
   479 | D:1      | Reached skill level 1 in Stealth
   522 | D:1      | Reached XP level 2. HP: 16/25 MP: 3/3
   526 | D:1      | Learned a level 2 spell: Evaporate
  1667 | D:1      | Reached XP level 3. HP: 12/31 MP: 4/4
  1675 | D:1      | Learned a level 3 spell: Spider Form
  2080 | D:2      | Noticed Terence
  2113 | D:2      | Defeated Terence
  2113 | D:2      | Reached XP level 4. HP: 8/38 MP: 3/6
  2429 | D:2      | Reached skill level 1 in Necromancy
  3083 | D:2      | Slain by an ogre
